 Dungeon Crawl Stone Soup version 0.29-a0-648-g6b26cc9f40 (webtiles) character file.

Game seed: 886990878034099465

16444 gearnest the Fighter (level 12, 0/93 HPs)
             Began as a Red Draconian Monk on June 20, 2022.
             Was a High Priest of Hepliaklqana.
             Killed by divine providence
             ... invoked by a meliai
              (15 damage)
             ... on level 13 of the Dungeon.
             The game lasted 00:26:20 (13467 turns).

gearnest the Fighter (Red Draconian Monk)          Turns: 13467, Time: 00:26:20

Health: 0/93       AC:  8    Str: 12 (13) XL:     12   Next: 10%
Magic:  22/22      EV: 17    Int: 10 (13) God:    Hepliaklqana [*****.]
Gold:   552        SH:  0    Dex: 20 (23) Spells: 8/24 levels left

rFire   + . .      SeeInvis .   o - +0 dagger (pain)
rCold   . . .      Faith    .   (no shield)
rNeg    . . .      Spirit   .   (body armour unavailable)
rPois   +          Reflect  .   (helmet restricted)
rElec   +          Harm     .   (no cloak)
rCorr   .          Rampage  .   (no gloves)
Will    .....                   (no boots)
Stlth   ++++......              (no amulet)
HPRegen 0.25/turn               c - +6 ring of dexterity
MPRegen 0.18/turn               h - ring of poison resistance

@: no status effects
A: reduced essence, breathe fire, AC +8, unfitting armour, fire resistance 1,
cold-blooded, electricity resistance, devolution 1
a: Breathe Fire, Renounce Religion, Recall Ancestor, Ancestor Identity,
Transference, Idealise


You were on level 13 of the Dungeon.
You worshipped Hepliaklqana.
Hepliaklqana was extremely pleased with you.
You visited 1 branch of the dungeon, and saw 13 of its levels.

You collected 552 gold pieces.

Inventory:

Hand Weapons
 o - a +0 dagger of pain (weapon)
 F - a +2 dagger of venom
 M - the +9 long sword of the Hidden Vale {pain, MP+9}
   (You found it on level 12 of the Dungeon)

   In the hands of one skilled in necromantic magic, it inflicts extra damage on
   living creatures.
   MP:        It affects your magic capacity (+9).
Missiles
 w - 16 poisoned darts (quivered)
 C - 4 throwing nets
Jewellery
 c - a +6 ring of dexterity (left hand)
 h - a ring of poison resistance (right hand)
 y - a +4 ring of protection
 A - a ring of protection from cold
 G - a ring of wizardry
 L - an amulet of guardian spirit
Wands
 b - a wand of flame (42)
 B - a wand of paralysis (9)
 E - a wand of polymorph (9)
 H - a wand of mindburst (7)
 I - a wand of iceblast (6)
Scrolls
 a - 2 scrolls of immolation {unknown}
 d - 3 scrolls of teleportation
 e - 2 scrolls of vulnerability {unknown}
 f - 3 scrolls of enchant armour {unknown}
 i - a scroll of fog {unknown}
 k - 3 scrolls of enchant weapon {unknown}
 m - a scroll of brand weapon {unknown}
 q - 3 scrolls of fear {unknown}
 t - 3 scrolls of silence {unknown}
 u - 2 scrolls of noise {unknown}
 v - 6 scrolls of identify {unknown}
 x - 2 scrolls of poison {unknown}
 D - a scroll of acquirement {unknown}
Potions
 g - a potion of attraction
 j - a potion of mutation
 n - a potion of brilliance
 r - a potion of magic
 z - 2 potions of lignification


   Skills:
 + Level 9.2 Fighting
 - Level 6.3(6.8) Short Blades
 + Level 3.7(5.5) Long Blades
 + Level 6.3 Throwing
 + Level 7.3 Dodging
 + Level 7.5 Stealth
 - Level 3.0 Unarmed Combat
 + Level 6.9 Spellcasting
 + Level 8.0 Fire Magic


You had 8 spell levels left.
You knew the following spells:

 Your Spells              Type           Power      Damage    Failure   Level
a - Scorch                Fire           38%        2d7       1%          2
b - Conjure Flame         Conj/Fire      11%        6-21      11%         3
c - Flame Wave            Conj/Fire      11%        2d5       34%         4
d - Ignite Poison         Fire/Tmut/Pois 8%         N/A       19%         3
e - Sticky Flame          Conj/Fire      11%        2d3       34%         4

Your spell library contained the following spells:

 Spells                   Type           Power      Damage    Failure   Level
 Magic Dart               Conj           12%        1d3       19%         1
 Shock                    Conj/Air       12%        1d3       19%         1
 Searing Ray              Conj           6%         2d4       28%         2
 Call Canine Familiar     Summ           3%         N/A       50%         3
 Frozen Ramparts          Ice            6%         1d2       50%         3
 Portal Projectile        Hex/Tloc       6%         N/A       50%         3
 Swiftness                Air            3%         N/A       50%         3
 Airstrike                Air            1%         N/A       88%         4
 Fulminant Prism          Conj/Hex       1%         3d6       88%         4
 Ice Form                 Ice/Tmut       3%         N/A       88%         4
 Leda's Liquefaction      Hex/Erth       1%         N/A       88%         4
 Summon Ice Beast         Ice/Summ       3%         N/A       88%         4
 Summon Cactus Giant      Summ           1%         N/A       100%        6


Dungeon Overview and Level Annotations

Branches:
Dungeon (13/15)            Temple (0/1) D:5             Orc (0/2) D:10
 Vaults (0/5) D:13
   Lair: D:8-11

Altars:
Ashenzari
Cheibriados
Hepliaklqana
Kikubaaqudgha
Makhleb
Okawaru
Ru
Trog

Annotations:
D:3 Sigmund
D:13 Nessos, Rupert, Urug


Innate Abilities, Weirdness & Mutations

Your life essence is reduced to manifest your ancestor. (-10% HP)
You can breathe blasts of fire.
Your fiery red scales are hard. (AC +8)
You cannot fit into any form of body armour.
Your flesh is heat resistant. (rF+)
You are cold-blooded and may be slowed by cold attacks.
You are resistant to electric shocks. (rElec)
You have hidden genetic defects.


Message History

A meliai comes into view. It is wielding a +0 war axe.
The human attacks as you move away! The human misses you.
The human attacks as you move away! The human closely misses you.
Your surroundings suddenly seem different.
You start resting.
Nick Mullen has departed this plane of existence.
You start resting.
Magic restored.
You start resting.
You feel a little less mighty now.
You start resting.
Nick Mullen emerges from the mists of memory!
You start resting.
There are monsters nearby!
There are monsters nearby!
There are monsters nearby!
There are monsters nearby!
You open the door.
Found 23 gold pieces.
There is an open door here.
A meliai comes into view. It is wielding a +0 hand axe.
The meliai buzzes angrily.
The meliai moves out of view.
A meliai comes into view. It is wielding a +0 hand axe.
A deep elf pyromancer comes into view. It is wielding a +0 rapier.
The meliai buzzes angrily.
Nick Mullen barely misses the meliai.
Found a leather armour.
Found a stone staircase leading down.
The meliai hits you with a +0 hand axe. The meliai barely misses you.
The meliai misses you. The meliai stings you.
You hit the meliai.
The meliai is lightly wounded.
The meliai hits you with a +0 war axe!
* * * LOW HITPOINT WARNING * * *
The meliai hits Nick Mullen with a +0 war axe!
The meliai stings you!
* * * LOW HITPOINT WARNING * * *
The meliai invokes the aid of its god against you.
Something smites you!
You die...

#################
[..........'....#
.e....$..R.#....#
>......@y..#....#
#...##yy..##....#
### #....##...##
.....J##J.J##
..........J..#
..........)..#
.....[........#
...##....##.<.#####
##....##J.J##..##


You could see the friendly Nick Mullen the battlemage, a slime creature, a deep
elf pyromancer (asleep) and 3 meliai.

Vanquished Creatures
  A boulder beetle (D:12)
  A two-headed ogre (D:11)
  A tengu warrior (D:12)
  A manticore (D:12)
  2 unseen horrors (D:12)
  A hornet (D:9)
  A slime creature (D:12)
  2 humans (D:13)
  A shadow (D:11)
  An acid dragon (D:12)
  An ice beast (D:7)
  2 centaurs
  An ogre (D:12)
  A phantom (D:5)
  4 bullfrogs
  4 howler monkeys
  A jelly (D:6)
  An orc priest (D:9)
  Jessica (D:3)
  An iguana (D:4)
  Robin (D:3)
  4 gnolls
  5 adders
  A shadow imp (D:6)
  2 ufetubi (D:7)
  3 worms
  2 dart slugs
  16 orcs
  5 endoplasms
  3 giant cockroaches
  15 goblins
  10 hobgoblins
  4 quokkas
  4 ball pythons
  6 bats
  A frilled lizard (D:3)
  17 kobolds
  4 rats
132 creatures vanquished.

Vanquished Creatures (collateral kills)
  A two-headed ogre (D:11)
  A cyclops (D:11)
  A manticore (D:11)
  A gargoyle (D:11)
  An unseen horror (D:11)
  A kobold demonologist (D:9)
  A wraith (D:10)
  A human (D:13)
  An ice beast (D:5)
  A black bear (D:4)
  An ogre (D:6)
  2 centaurs (D:6)
  2 phantoms (D:5)
  A kobold brigand (D:11)
  A necrophage (D:7)
  2 scorpions (D:6)
  A hound (D:5)
  A jelly (D:5)
  An orc priest (D:9)
  4 iguanas
  4 orc wizards
  13 gnolls
  5 adders
  7 orcs
  A giant cockroach (D:3)
  A goblin (D:3)
  2 hobgoblins (D:3)
  8 kobolds
67 creatures vanquished.

Vanquished Creatures (others)
  A troll (D:11)
  8 battlemagi
  8 fungi (D:10)
  21 plants
38 creatures vanquished.

Grand Total: 237 creatures vanquished

Notes
Turn   | Place    | Note
-------+----------+-------------------------------------------
     0 | D:1      | gearnest the Draconian Monk began the quest for the Orb.
     0 | D:1      | Reached XP level 1. HP: 19/19 MP: 1/1
   234 | D:1      | Reached XP level 2. HP: 26/26 MP: 2/2
  1049 | D:1      | Reached XP level 3. HP: 25/33 MP: 3/3
  1567 | D:2      | Reached skill level 4 in Fighting
  1890 | D:2      | Reached XP level 4. HP: 20/40 MP: 4/4
  2791 | D:3      | Found a hazy altar of Hepliaklqana.
  3042 | D:3      | Noticed Jessica
  3046 | D:3      | Noticed Robin
  3080 | D:3      | Killed Jessica
  3145 | D:3      | Killed Robin
  3146 | D:3      | Reached XP level 5. HP: 18/47 MP: 6/6
  3477 | D:3      | Noticed Sigmund
  3506 | D:3      | Became a worshipper of Hepliaklqana the Forgotten
  3506 | D:3      | Reached * piety under Hepliaklqana
  3506 | D:3      | Reached ** piety under Hepliaklqana
  3527 | D:3      | Remembered your ancestor Nick Mullen as a battlemage
  3592 | D:3      | Found a sacrificial altar of Ru.
  3675 | D:3      | Found an iron altar of Okawaru.
  3679 | D:3      | Reached skill level 1 in Short Blades
  3756 | D:3      | Reached skill level 1 in Spellcasting
  3900 | D:4      | Found a snail-covered altar of Cheibriados.
  4160 | D:4      | Noticed a black bear
  4167 | D:4      | Killed a black bear
  4168 | D:4      | Reached XP level 6. HP: 35/47 MP: 6/8
  5192 | D:5      | Entered Level 5 of the Dungeon
  5192 | D:5      | Found a staircase to the Ecumenical Temple.
  5194 | D:5      | Reached skill level 5 in Fighting
  5219 | D:5      | Noticed an ice beast
  5233 | D:5      | Killed an ice beast
  5234 | D:5      | Your scales start taking on a fiery red colour.
  5234 | D:5      | Reached XP level 7. HP: 45/54 MP: 10/10
  5234 | D:5      | Gained mutation: Your flesh is heat resistant. (rF+) [Red
                  | Draconian growth]
  5293 | D:5      | Learned a level 2 spell: Scorch
  5297 | D:5      | Learned a level 3 spell: Conjure Flame
  5302 | D:5      | Learned a level 4 spell: Flame Wave
  5345 | D:5      | Reached skill level 1 in Throwing
  5448 | D:5      | You fall into a shaft and drop 1 floor!
  5455 | D:6      | Reached *** piety under Hepliaklqana
  5504 | D:6      | Found a bloodstained altar of Trog.
  5558 | D:6      | Reached skill level 1 in Fire Magic
  5913 | D:6      | Reached XP level 8. HP: 62/62 MP: 12/12
  6191 | D:6      | Found a burning altar of Makhleb.
  6896 | D:5      | Reached skill level 5 in Dodging
  7275 | D:7      | Reached skill level 6 in Fighting
  7553 | D:7      | Reached skill level 5 in Stealth
  8125 | D:7      | Learned a level 3 spell: Ignite Poison
  8198 | D:8      | Reached **** piety under Hepliaklqana
  8863 | D:9      | Noticed a hornet
  8868 | D:9      | Killed a hornet
  8869 | D:9      | Reached XP level 9. HP: 70/70 MP: 10/14
  9012 | D:9      | Found an ancient bone altar of Kikubaaqudgha.
  9081 | D:9      | Found a broken altar of Ashenzari.
  9092 | D:9      | Noticed a kobold demonologist
  9093 | D:9      | Noticed a kobold demonologist
  9099 | D:9      | Noticed a smoke demon
  9101 | D:9      | Noticed a red devil
  9101 | D:9      | Killed a kobold demonologist
  9116 | D:10     | Entered Level 10 of the Dungeon
  9139 | D:10     | Noticed a komodo dragon
  9152 | D:10     | Found a staircase to the Orcish Mines.
  9662 | D:11     | Noticed a two-headed ogre
  9671 | D:11     | Killed a two-headed ogre
  9672 | D:11     | Reached skill level 7 in Fighting
  9672 | D:11     | Reached skill level 5 in Short Blades
  9786 | D:11     | Noticed a cyclops
  9794 | D:11     | Killed a cyclops
  9795 | D:11     | Reached skill level 5 in Fire Magic
  9795 | D:11     | Reached XP level 10. HP: 77/77 MP: 10/17
  9957 | D:11     | Noticed a two-headed ogre
  9962 | D:11     | Killed a two-headed ogre
  9963 | D:11     | Reached skill level 5 in Spellcasting
 10495 | D:11     | Noticed a gargoyle
 10502 | D:11     | Killed a gargoyle
 10556 | D:11     | Noticed a manticore
 10563 | D:11     | Killed a manticore
 11617 | D:12     | Reached ***** piety under Hepliaklqana
 11924 | D:12     | Noticed a tengu warrior
 11929 | D:12     | Killed a tengu warrior
 11930 | D:12     | Reached skill level 8 in Fighting
 11930 | D:12     | Reached skill level 5 in Throwing
 12200 | D:12     | Noticed a manticore
 12206 | D:12     | Killed a manticore
 12445 | D:12     | Noticed a boulder beetle
 12476 | D:12     | Killed a boulder beetle
 12477 | D:12     | Reached XP level 11. HP: 74/84 MP: 13/19
 12744 | D:12     | Identified the +9 long sword of the Hidden Vale {pain,
                  | MP+9}
 12754 | D:12     | Learned a level 4 spell: Sticky Flame
 12840 | D:13     | Gained mutation: You are resistant to electric shocks.
                  | (rElec) [potion of mutation]
 12840 | D:13     | Gained mutation: You have hidden genetic defects. [potion
                  | of mutation]
 12850 | D:12     | Reached skill level 9 in Fighting
 12850 | D:12     | Reached XP level 12. HP: 41/93 MP: 19/22
 13308 | D:13     | Noticed a boulder beetle
 13309 | D:13     | Noticed a boulder beetle
 13317 | D:13     | Found a gate to the Vaults.
 13317 | D:13     | Noticed Urug
 13317 | D:13     | Noticed Nessos
 13317 | D:13     | Noticed Rupert
 13467 | D:13     | Killed from afar by a meliai

Illustrated notes

Levels and vault maps discovered:
D:1:      matt_arrival_grand_opening, layout_basic, corexii_leaking_fountain,
          hangedman_decor_diamond_cutter, minmay_pentomino_o4
D:2:      layout_rooms, minmay_increasing_density
D:3:      layout_basic, marbit_many_paths, okawaru_altar_gauntlet_db,
          nicolae_hepliaklqana_hazy_memory, uniq_ijyb, uniq_sigmund, uniq_robin,
          uniq_jessica
D:4:      layout_cave_pods, lemuel_round_altar
D:5:      layout_rooms, temple_fountains
D:6:      layout_loops_ring, kennysheep_mini_moat, lightli_temple_of_fire
D:7:      layout_basic
D:8:      layout_basic
D:9:      layout_small_grid, grunt_temple_overflow_diamond,
          mainiacjoe_overflow_big_doors, hangedman_glass_teeth
D:10:     layout_long_grid, mainiacjoe_overflow_chevrons,
          grunt_lair_entry_orc_guard_hut, enter_bailey_3
D:11:     layout_basic, serial_park_tiny_1, lemuel_flame_loot_1
D:12:     layout_basic, grunt_ogre_cave, minmay_misc_feat_encased
D:13:     layout_gridville, david_vaults_3, ebering_ghost_reflecting_pool,
          zin_statuary

Skill      XL: |  1  2  3  4  5  6  7  8  9 10 11 12 |
---------------+-------------------------------------+-----
Stealth        | 2 3 4 5 6 7 |  7.5
Dodging        | 3 4 5 6 7 |  7.3
Fighting       | 4 5 6 7 8 9 |  9.2
Short Blades   | 1 2 3 4 5 6 |  6.3
Spellcasting   | 1 2 3 4 5 6 |  6.9
Throwing       | 1 3 4 5 6 |  6.3
Fire Magic     | 1 3 5 6 7 8 |  8.0
Long Blades    | 3 |  3.7
Unarmed Combat | |  3.0

Action                   |  1- 3 |  4- 6 |  7- 9 | 10-12 || total
-------------------------+-------+-------+-------+-------++-------
Melee: Unarmed           |   170 |     5 |       |       ||   175
       Tailslap          |    27 |    20 |    31 |    24 ||   102
       Punch             |     5 |     2 |     4 |     1 ||    12
       Dagger            |       |   125 |   168 |    90 ||   383
Throw: Dart              |       |       |     7 |    16 ||    23
 Cast: Ignite Poison     |       |       |     4 |    11 ||    15
       Flame Wave        |       |       |       |     1 ||     1
Invok: Ancestor Life: Ba |       |     1 |       |       ||     1
       Ancestor Identity |       |     1 |       |       ||     1
       Recall Ancestor   |       |       |     2 |       ||     2
       Idealise          |       |       |       |     1 ||     1
 Abil: Breathe Fire      |       |       |     7 |     5 ||    12
Evoke: Wand              |       |       |       |     1 ||     1
  Use: Potion            |     1 |     3 |     7 |     8 ||    19
       Scroll            |       |       |       |     2 ||     2
 Stab: Sleeping          |     7 |     4 |     5 |     3 ||    19
       Distracted        |       |       |     2 |       ||     2
Armor: Skin              |    41 |    34 |    84 |    35 ||   194
Dodge: Dodged            |   115 |   131 |   247 |    65 ||   558

Table legend: (Time is in decaauts)
 A = Elapsed time spent in this place.
 B = Non-inter-level travel time spent in this place.
 C = Inter-level travel time spent in this place.
 D = Time resting spent in this place.
 E = Time spent auto-exploring this place.
 F = Levels seen in this place.
 G = Mean time per level.
                   A        B        C        D        E       F      G
               +--------+--------+--------+--------+--------+-----+--------+
         Total |  13398 |  12895 |    503 |   2021 |   9084 |  13 | 1030.6 |
       Dungeon |  13398 |  12895 |    503 |   2021 |   9084 |  13 | 1030.6 |
               +--------+--------+--------+--------+--------+-----+--------+

Top non-repeatable levels by time:
    D:11: 2299 daAuts
    D:12: 1793 daAuts
     D:2: 1424 daAuts
     D:1: 1311 daAuts
     D:4: 1288 daAuts
     D:3: 1147 daAuts
     D:5: 1049 daAuts
     D:6: 975 daAuts
     D:7: 946 daAuts
     D:9: 757 daAuts
    D:13: 177 daAuts
     D:8: 160 daAuts
    D:10: 65 daAuts
